 Dungeon Crawl Stone Soup version 0.27.0-1-g7a089689b8 (webtiles) character file.

Game seed: 5350263365377538323

217355 dolemite99 the Grappler (level 18, -5/504 HPs)
             Began as a Troll Chaos Knight on Aug 3, 2021.
             Was a Plaything of Xom.
             Slain by a redback (11 damage)
             ... summoned by Xom
             ... on level 4 of the Spider Nest.
             The game lasted 01:32:17 (44737 turns).

dolemite99 the Grappler (Troll Chaos Knight)       Turns: 44737, Time: 01:32:18

Health: -5/504     AC: 33    Str: 27 (29) XL:     18   Next: 76%
Magic:  2/18       EV:  1    Int: 10 (12) God:    Xom [......]
Gold:   3033       SH: 20    Dex: 13      Spells: 14/17 levels left

rFire    . . .     SeeInvis +     - Unarmed
rCold    . . .     Faith    .   k - +0 tower shield {reflect}
rNeg     + + +     Spirit   .   (armour currently unavailable)
rPois    +         Reflect  +   (helmet currently unavailable)
rElec    .         Harm     .   (cloak currently unavailable)
rCorr    .         Rampage  .   (gloves unavailable)
Will     ++++.     NoTele   +   (boots unavailable)
Stlth    ..........             F - amulet of the acrobat
HPRegen  1.94/turn              Y - ring of the Final Nightingales {Will+ Dex+4 SInv, =R}
MPRegen  0.16/turn              s - ring "Cifaorom" {+Blink rN+ AC+4}

@: mighty, berserking, lethally poisoned (-5 -> -5), tree-form, very quick
A: stationary, stasis, torment immunity, boosted hp, large, unfitting armour,
(claws 3), regeneration 1, (shaggy fur 1), (tough skin 1), (hooves 2), (large
bone plates 1), (camouflage 1), clever 1, (deformed body), high mp 1,
strong-willed 2, robust 2
a: Renounce Religion, Evoke Blink


You were on level 4 of the Spider Nest.
You worshipped Xom.
You were a very special plaything of Xom.
You were a tree.
You visited 6 branches of the dungeon, and saw 32 of its levels.
You also visited: Ice Cave and Volcano.

You collected 4788 gold pieces.
You spent 1755 gold pieces at shops.

Inventory:

Hand Weapons
 w - the +4 war axe "Tyshiuz" {vorpal, rElec rC+ Will+}
   (You found it on level 11 of the Dungeon)

   It inflicts extra damage upon your enemies.
   rC:        It protects you from cold.
   rElec:     It insulates you from electricity.
   Will:      It increases your willpower.
Missiles
 v - 30 large rocks
 x - 50 boomerangs (quivered)
 C - a throwing net
 S - 10 poisoned darts
 T - 9 silver javelins
 U - 11 javelins
 V - 5 curare-tipped darts
Armour
 k - a +0 tower shield of reflection (worn)
 m - +3 fire dragon scales (melded)
 r - a scarf of resistance (melded)
Magical Staves
 a - a staff of poison
 N - a staff of death
Jewellery
 c - the ring "Buogoruz" {rElec Will- rCorr Str+6}
   (You took it off a deep elf zephyrmancer on level 1 of the Elven Halls)

   [ring of strength]

   Str:       It affects your strength (+6).
   rElec:     It insulates you from electricity.
   rCorr:     It protects you from acid and corrosion.
   Will:      It decreases your willpower.
 e - a ring of protection from cold
 g - a ring of willpower
 i - a ring of fire
 l - an amulet of reflection
 p - a +4 ring of evasion
 s - the ring "Cifaorom" (right branch) {+Blink rN+ AC+4}
   (You took it off a white draconian in an ice cave)

   [ring of protection]

   AC:        It affects your AC (+4).
   rN:        It protects you from negative energy.
   +Blink:    It lets you blink.
 y - a ring of magical power
 F - an amulet of the acrobat (around neck)
 H - a ring of flight
 L - a ring of protection from fire
 Y - the ring of the Final Nightingales (left branch) {Will+ Dex+4 SInv, =R}
   (You acquired it on level 13 of the Dungeon)

   [ring of see invisible]

   Dex:       It affects your dexterity (+4).
   SInv:      It lets you see invisible.
   Will:      It increases your willpower.
Wands
 A - a wand of flame (74)
 G - a wand of iceblast (23)
 J - a wand of polymorph (17)
 R - a wand of digging (5)
Scrolls
 h - 3 scrolls of vulnerability
 z - 8 scrolls of fog
 I - 9 scrolls of teleportation
 Q - 2 scrolls of magic mapping
 X - 16 scrolls of identify {@r1}
Potions
 j - a potion of magic
 n - 6 potions of brilliance
 o - 9 potions of flight
 u - 2 potions of cancellation
Miscellaneous
 b - a box of beasts (inert)
 q - a phial of floods
 P - a lightning rod (2/4)
 W - a tin of tremorstones (inert)


   Skills:
 - Level 13.4 Fighting
 - Level 0.5(7.0) Slings
 - Level 13.9 Throwing
 + Level 11.0 Armour
 - Level 4.4 Dodging
 - Level 12.6 Shields
 - Level 14.4 Unarmed Combat
 - Level 9.2 Evocations


You had 14 spell levels left.
You knew the following spells:

 Your Spells              Type           Power      Damage    Failure   Level
a - Mephitic Cloud        Conj/Pois/Air  0%         N/A       88%         3

Your spell library contained the following spells:

 Spells                   Type           Power      Damage    Failure   Level
 Foxfire                  Conj/Fire      0%         2x1d4     54%         1
 Sting                    Tmut/Pois      0%         1d3       54%         1
 Poisonous Vapours        Pois/Air       0%         N/A       67%         2
 Static Discharge         Conj/Air       0%         N/A       67%         2
 Call Canine Familiar     Summ           0%         N/A       88%         3
 Conjure Flame            Conj/Fire      0%         6-21      88%         3
 Ignite Poison            Fire/Tmut/Pois 0%         N/A       88%         3
 Inner Flame              Hex/Fire       0%         N/A       88%         3
 Portal Projectile        Hex/Tloc       0%         N/A       88%         3
 Summon Guardian Golem    Hex/Summ       0%         N/A       88%         3
 Fulminant Prism          Conj/Hex       0%         3d6       99%         4
 Iskenderun's Mystic Bla  Conj/Tloc      0%         2d3       99%         4
 Leda's Liquefaction      Hex/Erth       0%         N/A       99%         4
 Olgreb's Toxic Radiance  Pois           0%         N/A       99%         4
 Sticky Flame             Conj/Fire      0%         2d3       99%         4
 Summon Ice Beast         Ice/Summ       0%         N/A       99%         4
 Alistair's Intoxication  Tmut/Pois      0%         N/A       100%        5
 Bolt of Magma            Conj/Fire/Erth 0%         4d4       100%        5
 Borgnjor's Vile Clutch   Necr/Erth      0%         N/A       100%        5
 Freezing Cloud           Conj/Ice/Air   0%         6-21      100%        5
 Lee's Rapid Deconstruct  Erth           0%         3d5*      100%        5
 Lightning Bolt           Conj/Air       0%         1d11      100%        5
 Summon Forest            Summ/Tloc      0%         N/A       100%        5
 Summon Mana Viper        Hex/Summ       0%         N/A       100%        5
 Eringya's Noxious Bog    Tmut/Pois      0%         N/A       100%        6
 Shadow Creatures         Summ           N/A        N/A       100%        6
 Simulacrum               Ice/Necr       0%         N/A       100%        6
 Orb of Destruction       Conj           0%         N/A       100%        7
 Spellforged Servitor     Conj/Summ      0%         N/A       100%        7
 Maxwell's Capacitive Co  Air            0%         ∞         100%        8
 Summon Horrible Things   Summ           0%         N/A       100%        8
 Death's Door             Necr           0%         N/A       100%        9
 Polar Vortex             Ice            0%         N/A       100%        9


Dungeon Overview and Level Annotations

Branches:
Dungeon (15/15)            Temple (0/1) D:7            Lair (6/6) D:10
 Shoals (4/4) Lair:4       Spider (4/4) Lair:3        Slime (0/5) Lair:5
    Orc (2/2) D:11            Elf (1/3) Orc:2        Vaults (0/5) D:14
 Depths (0/5) D:15          IceCv (visited)         Volcano (visited)

Altars:
Cheibriados
Dithmenos
Makhleb
Okawaru
Ru
Uskayaw
Vehumet
Wu Jian
Xom
Yredelemnul
Zin
Beogh
Jiyva

Shops:
Orc:2 !![(   Shoals:3 =[[[

Annotations:
Lair:3 2 transporters
Lair:4 exclusion: downstairs
Lair:5 exclusion: downstairs
Lair:6 Rupert
Shoals:3 exclusion: oklob plant
Spider:3 1 runed translucent door
Elf:1 Roxanne


Innate Abilities, Weirdness & Mutations

You are a tree.
Your roots penetrate the ground, keeping you stationary.
You cannot be teleported.
You are immune to unholy pain and torment.
Your maximum health is greatly increased.
Your equipment is partially melded.
You are too large for most types of armour.
((You have claws for hands.))
Your natural rate of healing is unusually fast.
((You are covered in fur. (AC +1)))
((You have tough skin. (AC +1)))
((You have hoof-like feet.))
((You are partially covered in large bone plates. (SH +4)))
((Your skin changes colour to match your surroundings (Stealth+).))
Your mind is acute. (Int +2)
((Armour fits poorly on your strangely shaped body.))
You have an increased reservoir of magic. (+10% MP)
You are highly strong-willed. (Will++)
You are very robust. (+20% HP)


Message History

You feel sick.
The redback looks more healthy.
You block the demonic crawler's attack. x2; The demonic crawler hits you.
* * * LOW HITPOINT WARNING * * *
Your mature batox beast misses the redback.
Your mature batox beast completely misses the redback.
The redback splashes around in the water.
You block the redback's attack. The wolf spider hits you.
* * * LOW HITPOINT WARNING * * *
The wolf spider bites you but does no damage.
The demonic crawler hits you but does no damage. x3
The redback bites you.
* * * LOW HITPOINT WARNING * * *
You are already wielding that!
Unknown command.
You are now empty-handed.
You feel sick.
The redback bites you but does no damage.
The wolf spider hits you but does no damage.
You block the wolf spider's attack.
You pummel the wolf spider!!
You kill the wolf spider!
The wolf spider's corpse disappears in a puff of smoke!
You feel sick.
Your mature batox beast hits the redback.
Your mature batox beast tramples the redback.
The redback holds its ground!
The redback bites your mature batox beast but does no damage.
You block the demonic crawler's attack. x2
The demonic crawler hits you but does no damage.
The redback barely misses you.
Your mature batox beast closely misses the redback.
Your mature batox beast tramples the redback.
The redback holds its ground!
The redback dies!
The redback's corpse disappears in a puff of smoke!
A red film seems to cover your vision as you go berserk!
You feel yourself moving faster!
You feel mighty!
You feel sick.
Your mature batox beast hits the demonic crawler!!
Your mature batox beast tramples the demonic crawler.
The demonic crawler holds its ground!
The redback bites you!
You die...

*#........^.^.. #.......#^....
#### *......^...... ##≈^##
*#...)........ ##### #≈...##
#.........^.. #..^# ###....^#
##.........#. #..####≈≈..(.≈##
*##......^.. #≈.###^^.≈##§s≈#
#....^.... ##≈≈##.(..###♣sH##
#......... #≈≈###...≈# ##§.≈#
#......... #≈≈#^..≈≈≈## #..≈##
#........^
#≈≈..s..#≈^####..≈###.........
##...^###...###..###^.........
##..^.## #..###..≈# #..........
#≈.s..#**####.^.≈####..........
##≈...##*,* #....##
#........... #..≈###
*,*##≈..≈## #...........


You could see a demonic crawler (summoned), a redback (summoned) and a friendly
mature batox beast (summoned).

Vanquished Creatures
  Nikola (Elf:1)
  The ghost of Heh the Fencer, an adept DsGl of Okawaru (Shoals:3)
  Agnes (D:15)
  Donald (Orc:2)
  A draconian knight (IceCv)
  A deep elf sorcerer (Elf:1)
  5 ghost moths
  An orc warlord (Orc:2)
  4 emperor scorpions
  A ghost moth (shapeshifter) (Elf:1)
  Aizul (Spider:1)
  Louise (D:14)
  A stone giant (D:15)
  A deep elf annihilator (Elf:1)
  A deep elf demonologist (Elf:1)
  5 white draconians (IceCv)
  The ghost of tizzy the Carver, a journeyman DsFi of Qazlal (Orc:1)
  An entropy weaver (Spider:3)
  A spark wasp (Spider:3)
  3 merfolk javelineers (Shoals:3)
  A fire dragon (D:13)
  An ettin (Spider:4)
  Josephine (D:13)
  2 merfolk impalers (Shoals:1)
  Snorg (D:13)
  2 boulder beetles
  7 hydras
  A vault guard (D:14)
  An ogre mage (Orc:1)
  A merfolk avatar (Shoals:3)
  2 catoblepae
  An alligator snapping turtle (Shoals:3)
  An alligator (shapeshifter) (Elf:1)
  A satyr (Shoals:3)
  4 merfolk aquamancers (Shoals:1)
  4 centaur warriors (D:13)
  A death knight (D:13)
  10 dancing weapons
  10 death yaks
  2 orc high priests (Orc:2)
  10 two-headed ogres
  3 tengu warriors
  11 deep elf knights
  A shadow wraith (D:13)
  2 skeletal warriors (D:13)
  A salamander mystic (Volcano)
  9 sea snakes
  An orange crystal statue (IceCv)
  20 deep elf zephyrmancers
  2 phantasmal warriors (D:13)
  A wizard (Lair:6)
  9 deep elf archers
  4 orc knights
  Pikel (D:7)
  16 harpies
  A mana viper (Spider:3)
  21 orb spiders
  15 deep elf pyromancers
  5 orc sorcerers
  A faun (Shoals:2)
  4 salamanders (Volcano)
  13 cyclopes
  2 moths of wrath
  27 wolf spiders
  12 manticores
  3 ugly things
  A salamander (shapeshifter) (D:13)
  7 elephants
  A smoke demon (Lair:6)
  2 ice statues (D:14)
  3 water nymphs (Shoals:1)
  An eye of devastation (shapeshifter) (Lair:1)
  5 torpor snails
  7 molten gargoyles
  2 black mambas
  16 cane toads
  An orange demon (Lair:6)
  5 gargoyles
  4 storm dragon simulacra (IceCv)
  3 unseen horrors
  Maggie (D:7)
  2 efreet
  A kobold demonologist (D:11)
  4 rime drakes
  14 demonic crawlers
  9 komodo dragons
  2 freezing wraiths
  2 tengu conjurers (D:14)
  An ice devil (Lair:6)
  9 golden dragon simulacra (IceCv)
  6 trolls
  24 jumping spiders
  A polar bear (shapeshifter) (Elf:1)
  Grinder (D:6)
  A wolf spider simulacrum (D:12)
  A tyrant leech (D:15)
  9 hornets (Spider:1)
  14 merfolk
  17 dream sheep
  2 polar bears
  12 blink frogs
  4 snapping turtles
  10 slime creatures
  52 redbacks
  6 water elementals
  A vampire (D:10)
  7 wraiths
  A ynoxinul (D:14)
  31 tarantellas
  2 shadows
  An air elemental (Elf:1)
  46 yaks
  5 fire elementals (Elf:1)
  9 basilisks
  7 wyverns
  4 vampire mosquitoes (D:11)
  3 steam dragons
  3 swamp worms (D:15)
  4 wargs (Orc:1)
  3 acid dragons
  15 water moccasins
  2 hell hounds (Lair:6)
  4 ice dragon simulacra (IceCv)
  2 ice beasts
  36 orc warriors
  3 black bears
  7 ogres
  8 centaurs
  37 wolves
  2 phantoms
  An earth elemental (Elf:1)
  2 kobold brigands
  12 bullfrogs
  A wyvern skeleton (D:5)
  7 scorpions
  A water moccasin skeleton (D:4)
  2 killer bees (D:7)
  3 lindwurm simulacra (IceCv)
  8 wights
  2 electric eels
  4 lava snakes
  5 howler monkeys
  A centaur zombie (D:8)
  A jelly (D:5)
  2 hounds
  Crazy Yiuf (D:2)
  22 orc priests
  2 centaur skeletons
  Jessica (D:2)
  3 iguanas
  Natasha (thrice) (D:2)
  Terence (D:2)
  19 orc wizards
  A killer bee zombie (D:7)
  A hound skeleton (D:4)
  A howler monkey zombie (D:9)
  A howler monkey skeleton (D:7)
  4 adders
  A shadow imp (D:6)
  3 white imps
  2 ufetubi
  An adder zombie (D:5)
  A worm (D:3)
  4 dart slugs
  99 orcs
  9 bats
  12 endoplasms
  8 giant cockroaches
  6 goblins
  9 hobgoblins
  6 jackals
  12 kobolds
  3 quokkas
  10 ball pythons
  5 frilled lizards
  8 rats
1099 creatures vanquished.

Vanquished Creatures (collateral kills)
  A deep elf archer (Elf:1)
  6 deep elf zephyrmancers (Elf:1)
  A deep elf pyromancer (Elf:1)
  3 ugly things (D:14)
  A demonic crawler (Spider:3)
  A golden dragon simulacrum (IceCv)
  A merfolk (Shoals:2)
  A wind drake (Shoals:2)
  A jumping spider (Spider:2)
  A blink frog (Lair:5)
  A hornet (Spider:1)
  An air elemental (Elf:1)
  2 yaks
  A wyvern (D:8)
  A water moccasin zombie (D:6)
  4 killer bees (D:7)
  A centaur zombie (D:10)
  A lava snake (D:12)
  An orc priest (D:8)
  A hound (D:6)
  2 orc wizards
  5 orcs
38 creatures vanquished.

Vanquished Creatures (others)
  An entropy weaver (Spider:2)
  2 dancing weapons
  A merfolk aquamancer (Shoals:1)
  An orc sorcerer (Orc:1)
  A wizard (Volcano)
  A jumping spider (Spider:2)
  A water elemental (Elf:1)
  2 redbacks (Spider:2)
  A hell hound (Lair:6)
  An orc warrior (D:15)
  A hound (D:5)
  A bush (Lair:6)
  75 fungi
  96 plants
  16 tentacles (Shoals:1)
  2 withered plants (Shoals:3)
203 creatures vanquished.

Grand Total: 1340 creatures vanquished

Notes
Turn   | Place    | Note
-------+----------+-------------------------------------------
     0 | D:1      | dolemite99 the Troll Chaos Knight began the quest for the
                  | Orb.
     0 | D:1      | Reached XP level 1. HP: 22/22 MP: 0/0
   114 | D:1      | Reached XP level 2. HP: 29/29 MP: 1/1
   131 | D:1      | XOM: divination: detect creatures
   162 | D:1      | XOM: potion effect (might)
   300 | D:1      | Reached skill level 4 in Unarmed Combat
   300 | D:1      | Reached XP level 3. HP: 36/36 MP: 2/2
   543 | D:1      | XOM: silly message
  1113 | D:2      | Found a faded altar of an unknown god.
  1168 | D:2      | XOM: give mutation
  1168 | D:2      | Gained mutation: Your mind is acute. (Int +2) [Xom's grace]
  1210 | D:2      | Noticed Natasha
  1210 | D:2      | XOM: divination: magic mapping
  1214 | D:2      | XOM: enchant monster (good)
  1216 | D:2      | Killed Natasha
  1217 | D:2      | Reached XP level 4. HP: 38/45 MP: 3/3
  1264 | D:2      | Noticed Terence
  1268 | D:2      | XOM: summons 4 friendly demons
  1295 | D:2      | Killed Terence
  1517 | D:2      | Noticed Natasha
  1519 | D:2      | XOM: enchant monster (good)
  1535 | D:2      | Killed Natasha
  1536 | D:2      | Reached XP level 5. HP: 42/53 MP: 4/4
  1561 | D:2      | XOM: silly message
  1585 | D:2      | Noticed Natasha
  1598 | D:2      | Killed Natasha
  1599 | D:2      | Reached skill level 5 in Unarmed Combat
  1614 | D:2      | XOM: give mutation
  1614 | D:2      | Gained mutation: Your muscles are strong. (Str +2) [Xom's
                  | grace]
  1636 | D:2      | Noticed Jessica
  1641 | D:2      | Killed Jessica
  1772 | D:2      | XOM: give mutation
  1772 | D:2      | Gained mutation: You have an increased reservoir of magic.
                  | (+10% MP) [Xom's grace]
  1816 | D:2      | Found a runed translucent door.
  1817 | D:2      | Noticed Crazy Yiuf
  1858 | D:2      | Killed Crazy Yiuf
  1976 | D:3      | XOM is BORED!
  1976 | D:3      | XOM: swap monsters
  1999 | D:3      | Found a radiant altar of Vehumet.
  2567 | D:3      | XOM: stat loss: -1 Dex (8/9)
  2616 | D:3      | XOM: divination: magic mapping
  2681 | D:4      | Reached XP level 6. HP: 62/62 MP: 5/5
  2780 | D:3      | XOM: scenery: 2 doors close
  3066 | D:4      | XOM: give mutations
  3066 | D:4      | Gained mutation: You are partially covered in iridescent
                  | scales. (AC +2) [Xom's grace]
  3066 | D:4      | Gained mutation: You have large cloven feet. [Xom's grace]
  3066 | D:4      | Gained mutation: You are strong-willed. (Will+) [Xom's
                  | grace]
  3066 | D:4      | Gained mutation: You have hoof-like feet. [Xom's grace]
  3103 | D:4      | Reached skill level 6 in Unarmed Combat
  3510 | D:4      | Reached skill level 1 in Shields
  3510 | D:4      | Reached XP level 7. HP: 30/71 MP: 6/6
  3913 | D:5      | Entered Level 5 of the Dungeon
  4031 | D:5      | Reached skill level 1 in Throwing
  4108 | D:5      | XOM: god gift: book of Lightning
  4219 | D:5      | XOM: 3-stop teleportation journey
  4374 | D:5      | XOM: divination: detect creatures
  4550 | D:5      | XOM: divine lightning
  4727 | D:6      | Found a sacrificial altar of Ru.
  4727 | D:6      | Found an iron altar of Okawaru.
  4728 | D:6      | Found a snail-covered altar of Cheibriados.
  4729 | D:6      | Found a shimmering altar of Xom.
  4729 | D:6      | Found a hide-covered altar of Uskayaw.
  4731 | D:6      | Found an ornate altar of the Wu Jian Council.
  4732 | D:6      | Found a glowing silver altar of Zin.
  4962 | D:6      | XOM: summons friendly shadow imp
  4984 | D:6      | Found a basalt altar of Yredelemnul.
  4984 | D:6      | Found a shadowy altar of Dithmenos.
  5010 | D:6      | XOM: noise
  5021 | D:6      | Reached XP level 8. HP: 78/79 MP: 7/7
  5029 | D:6      | XOM: scenery: summon butterflies
  5188 | D:6      | XOM: enchant monster (good)
  5305 | D:6      | XOM is BORED!
  5305 | D:6      | XOM: noise
  5310 | D:6      | Noticed Grinder
  5315 | D:6      | XOM: summons 7 friendly demons
  5316 | D:6      | Reached skill level 7 in Unarmed Combat
  5351 | D:6      | XOM: fog
  5369 | D:6      | Killed Grinder
  5377 | D:6      | XOM: give mutation
  5377 | D:6      | Gained mutation: You have hooves in place of feet. [Xom's
                  | grace]
  5665 | D:6      | XOM: god gift: staff of poison
  5836 | D:7      | Reached skill level 8 in Unarmed Combat
  5957 | D:7      | XOM: summons 2 friendly demons
  5968 | D:7      | Reached skill level 5 in Shields
  6011 | D:7      | Found a staircase to the Ecumenical Temple.
  6048 | D:7      | Noticed Maggie
  6052 | D:7      | XOM: cleaving
  6059 | D:7      | Killed Maggie
  6060 | D:7      | Reached XP level 9. HP: 79/85 MP: 8/8
  6167 | D:7      | XOM is BORED!
  6167 | D:7      | XOM: summons 4 hostile demons
  6168 | D:7      | Noticed an ice devil
  6290 | D:7      | Noticed Pikel
  6307 | D:7      | Killed Pikel
  6356 | D:7      | XOM: god gift: 16 gold pieces
  6364 | D:7      | XOM: enchant monster (good)
  6541 | D:8      | XOM: summons 5 friendly demons
  6560 | D:8      | Reached skill level 5 in Fighting
  6731 | D:8      | Reached skill level 9 in Unarmed Combat
  6785 | D:8      | XOM: cloud trail
  6837 | D:8      | Reached skill level 1 in Evocations
  7504 | D:8      | XOM: potion effect (invisibility)
  7515 | D:8      | Reached XP level 10. HP: 96/96 MP: 10/10
  7572 | D:8      | XOM: god gift: 30 gold pieces
  7823 | D:9      | Noticed a two-headed ogre
  7827 | D:9      | XOM: enchant monster (good)
  7831 | D:9      | Killed a two-headed ogre
  8199 | D:9      | XOM: noise
  8327 | D:10     | Entered Level 10 of the Dungeon
  8416 | D:10     | Noticed an elephant
  8427 | D:10     | Found a burning altar of Makhleb.
  8427 | D:10     | XOM: 7-stop teleportation journey
  8558 | D:10     | Noticed a two-headed ogre
  8562 | D:10     | XOM: summons friendly iron imp
  8566 | D:10     | Killed a two-headed ogre
  8567 | D:10     | Reached skill level 5 in Throwing
  8740 | D:10     | XOM: summons 10 friendly demons
  8760 | D:10     | XOM: polymorph iron imp -> ufetubus
  8773 | D:10     | XOM: 2-stop teleportation journey
  8846 | D:10     | Noticed a two-headed ogre
  8853 | D:10     | Killed a two-headed ogre
  8995 | D:10     | Found a staircase to the Lair.
  9023 | D:10     | XOM: scenery: 1 doors open
  9067 | D:10     | Killed an elephant
  9295 | D:10     | Noticed a catoblepas
  9295 | D:10     | XOM: confuse monster(s)
  9296 | D:10     | XOM: destruction
  9303 | D:10     | Killed a catoblepas
  9304 | D:10     | Reached XP level 11. HP: 109/109 MP: 11/11
  9344 | D:10     | XOM: summons 4 hostile demons
  9425 | D:10     | XOM: give mutations
  9425 | D:10     | Lost mutation: You are partially covered in iridescent
                  | scales. (AC +2) [Xom's mischief]
  9425 | D:10     | Gained mutation: You possess an exceptional clarity of
                  | mind. [Xom's mischief]
  9460 | D:10     | XOM: give mutations
  9460 | D:10     | Gained mutation: Your mind is very acute. (Int +4) [Xom's
                  | grace]
  9460 | D:10     | Gained mutation: You are partially covered in iridescent
                  | scales. (AC +2) [Xom's grace]
  9460 | D:10     | Gained mutation: Your flesh is cold resistant. (rC+) [Xom's
                  | grace]
  9460 | D:10     | Gained mutation: You are robust. (+10% HP) [Xom's grace]
  9494 | D:11     | Found Zin's Purification Station.
  9498 | D:11     | Found a glowing silver altar of Zin.
  9503 | D:11     | Bought a potion of curing for 90 gold pieces
  9561 | D:11     | Identified the +4 war axe "Tyshiuz" {vorpal, rElec rC+
                  | Will+}
  9576 | D:11     | XOM: potion effect (brilliance)
  9646 | Lair:1   | Entered Level 1 of the Lair of Beasts
  9691 | Lair:1   | XOM: scenery: summon butterflies
  9780 | Lair:1   | XOM: 1-stop teleportation journey
  9925 | Lair:1   | XOM: summons 3 friendly demons
  9957 | Lair:1   | XOM: enchant monster (good)
  9989 | Lair:1   | XOM: enchant monster (good)
 10073 | Lair:1   | XOM: give mutations
 10073 | Lair:1   | Gained mutation: Your muscles are very strong. (Str +4)
                  | [Xom's grace]
 10073 | Lair:1   | Gained mutation: You are very robust. (+20% HP) [Xom's
                  | grace]
 10073 | Lair:1   | Gained mutation: You are mostly covered in iridescent
                  | scales. (AC +4) [Xom's grace]
 10073 | Lair:1   | Gained mutation: You are completely covered in iridescent
                  | scales. (AC +6) [Xom's grace]
 10092 | Lair:1   | XOM: polymorph komodo dragon -> wyvern
 10188 | Lair:1   | XOM: god gift: great sword {god gift}
 10209 | Lair:1   | XOM: swap monsters
 10213 | Lair:1   | XOM: polymorph yak -> spriggan
 10226 | Lair:1   | XOM: chaos cloud
 10229 | Lair:1   | Noticed a glowing shapeshifter
 10229 | Lair:1   | a spriggan changed into a glowing shapeshifter
 10230 | Lair:1   | XOM: 1-stop teleportation journey
 10230 | Lair:1   | Noticed a shock serpent
 10230 | Lair:1   | a glowing shapeshifter changed into a shock serpent
 10232 | Lair:1   | a shock serpent changed into an elephant
 10240 | Lair:1   | Noticed a glowing shapeshifter
 10240 | Lair:1   | a slime creature changed into a glowing shapeshifter
 10241 | Lair:1   | a glowing shapeshifter changed into an eye of devastation
 10865 | Lair:2   | XOM: summons 6 hostile demons
 10887 | Lair:2   | XOM: blink monster(s)
 11054 | Lair:2   | XOM: divination: detect creatures
 11393 | Lair:2   | XOM: 1-stop teleportation journey
 11663 | Lair:2   | XOM: stat loss: -1 Str (28/29)
 11846 | Lair:3   | Reached XP level 12. HP: 143/146 MP: 12/12
 11895 | Lair:3   | XOM: give mutations
 11895 | Lair:3   | Lost mutation: You possess an exceptional clarity of mind.
                  | [Xom's mischief]
 11895 | Lair:3   | Lost mutation: You are completely covered in iridescent
                  | scales. (AC +6) [Xom's mischief]
 11895 | Lair:3   | Lost mutation: You are strong-willed. (Will+) [Xom's
                  | mischief]
 11905 | Lair:3   | XOM: 2-stop teleportation journey
 12254 | Lair:3   | XOM: stat loss: -1 Str (30/31)
 12263 | Lair:3   | XOM: confusion (+ monsters)
 12267 | Lair:3   | XOM: confusion
 12273 | Lair:3   | XOM: chaos cloud
 12359 | Lair:3   | XOM: summons 7 hostile demons
 12406 | Lair:3   | Found a hole to the Spider Nest.
 12415 | Lair:3   | XOM: swap monsters
 12547 | Lair:3   | XOM: silly message
 12572 | Lair:3   | XOM: summons friendly crimson imp
 12585 | Lair:3   | XOM: destruction
 12598 | Lair:3   | XOM: enchant monster (good)
 12604 | Lair:3   | Reached skill level 10 in Unarmed Combat
 12694 | Lair:3   | XOM: give mutations
 12694 | Lair:3   | Gained mutation: You are completely covered in iridescent
                  | scales. (AC +6) [Xom's grace]
 12694 | Lair:3   | Gained mutation: You possess an exceptional clarity of
                  | mind. [Xom's grace]
 12694 | Lair:3   | Gained mutation: You are agile. (Dex +2) [Xom's grace]
 12932 | Lair:3   | XOM: scenery: summon butterflies
 13256 | Lair:3   | Found a transporter.
 13258 | Lair:3   | Found a transporter.
 13259 | Lair:3   | Noticed a boulder beetle
 13260 | Lair:3   | Noticed a boulder beetle
 13454 | Lair:4   | XOM: polymorph water moccasin -> ice beast
 13505 | Lair:4   | XOM: divination: detect items
 13723 | Lair:4   | Noticed a death yak
 13723 | Lair:4   | Noticed a death yak
 13723 | Lair:4   | Noticed a death yak
 13723 | Lair:4   | Noticed a death yak
 13725 | Lair:4   | Noticed a death yak
 13726 | Lair:4   | XOM: summons friendly iron imp
 13753 | Lair:3   | XOM: scenery: create altars
 13756 | Lair:3   | Killed a death yak
 13766 | Lair:3   | Killed a death yak
 13994 | Lair:4   | XOM: give mutation
 13994 | Lair:4   | Lost mutation: You are completely covered in iridescent
                  | scales. (AC +6) [Xom's mischief]
 14175 | Lair:4   | Reached skill level 11 in Unarmed Combat
 14329 | Lair:4   | XOM: 3-stop teleportation journey
 14402 | Lair:4   | Found a staircase to the Shoals.
 14554 | Lair:4   | XOM: scenery: create altars
 14558 | Lair:4   | Killed a death yak
 14559 | Lair:4   | Reached XP level 13. HP: 153/159 MP: 13/13
 14565 | Lair:4   | Reached skill level 10 in Fighting
 14765 | Lair:4   | Reached skill level 10 in Throwing
 14921 | Lair:4   | XOM: confuse monster(s)
 15073 | Lair:5   | XOM: fog
 15076 | Lair:5   | XOM: 2-stop teleportation journey
 15498 | Lair:5   | XOM: blink monster(s)
 15509 | Lair:5   | XOM: 1-stop teleportation journey
 15544 | Lair:5   | XOM: noise
 15613 | Lair:5   | Found a staircase to the Slime Pits.
 15614 | Lair:5   | Found a viscous altar of Jiyva.
 15616 | Lair:5   | XOM: chaos cloud
 15625 | Lair:5   | XOM: noise
 15636 | Lair:5   | XOM: give mutations
 15636 | Lair:5   | Lost mutation: You have hooves in place of feet. [Xom's
                  | mischief]
 15636 | Lair:5   | Lost mutation: You are mostly covered in iridescent scales.
                  | (AC +4) [Xom's mischief]
 15721 | Lair:5   | Learned a level 3 spell: Mephitic Cloud
 15790 | Lair:5   | XOM: draining
 15939 | Lair:5   | XOM: god gift: quarterstaff {god gift}
 15988 | Lair:5   | XOM: summons 13 friendly demons
 16125 | Lair:5   | XOM: scenery: 1 doors close
 16219 | Lair:6   | Entered Level 6 of the Lair of Beasts
 16295 | Lair:6   | Noticed Sonja
 16296 | Lair:6   | Noticed Sonja
 16296 | Lair:6   | Sonja changed into Sonja the bullfrog
 16301 | Lair:6   | XOM: cleaving
 16309 | Lair:5   | Killed Sonja the bullfrog
 16540 | Lair:6   | XOM: cast spell 'Statue Form'
 16559 | Lair:6   | XOM: noise
 16703 | Lair:6   | XOM: divination: magic mapping
 16756 | Lair:6   | XOM: enchant monster (bad)
 17210 | Lair:6   | XOM: divine lightning
 17235 | Lair:6   | Reached XP level 14. HP: 153/175 MP: 14/14
 17407 | Lair:6   | XOM: scenery: create altars
 17439 | Lair:6   | XOM: cloud trail
 17471 | Lair:6   | XOM: divination: magic mapping
 17575 | Lair:6   | XOM: divination: detect creatures
 17740 | Lair:6   | XOM: scenery: summon butterflies
 18040 | Lair:6   | Noticed Rupert
 18673 | D:11     | XOM: 2-stop teleportation journey
 18701 | D:11     | Found a staircase to the Orcish Mines.
 18861 | D:11     | XOM is BORED!
 18861 | D:11     | XOM: give mutation
 18861 | D:11     | Lost mutation: Your flesh is cold resistant. (rC+) [Xom's
                  | mischief]
 19247 | D:11     | XOM: give mutations
 19247 | D:11     | Lost mutation: You are partially covered in iridescent
                  | scales. (AC +2) [Xom's mischief]
 19247 | D:11     | Lost mutation: Your muscles are very strong. (Str +4)
                  | [Xom's mischief]
 19445 | D:11     | XOM: summons 1 hostile shadow creature
 19685 | Orc:1    | Entered Level 1 of the Orcish Mines
 19696 | Orc:1    | XOM: destruction
 19760 | Orc:1    | Identified the +1 war axe of Yesterday {holy, *Noise Will+
                  | Dex+5}
 19776 | Orc:1    | Found a runed translucent door.
 19777 | Orc:1    | Found a shimmering altar of Xom.
 19777 | Orc:1    | Noticed tizzy's ghost (journeyman DsFi)
 19951 | Orc:1    | Reached skill level 12 in Unarmed Combat
 19966 | Orc:1    | Killed tizzy's ghost
 20100 | Orc:1    | XOM: silly message
 20112 | Orc:1    | XOM: 1-stop teleportation journey
 20248 | Orc:1    | XOM: 1-stop teleportation journey
 20252 | Orc:1    | XOM: polymorph orc warrior -> scorpion
 20265 | Orc:1    | XOM: god gift: scroll of enchant weapon
 20268 | Orc:1    | XOM: chaos upgrade
 20279 | Orc:1    | XOM: polymorph orc warrior -> centaur
 20284 | Orc:1    | XOM: noise
 20531 | Orc:2    | Entered Level 2 of the Orcish Mines
 20582 | Orc:2    | Found a dark tunnel.
 20587 | Volcano  | Entered a volcano
 20612 | Volcano  | XOM: 1-stop teleportation journey
 20619 | Volcano  | XOM: enchant monster (good)
 20623 | Volcano  | XOM: polymorph salamander -> rime drake
 20883 | Volcano  | XOM: enchant monster (bad)
 21193 | Volcano  | Noticed an orb of fire
 21206 | Volcano  | Identified the +0 fire dragon scales of Insecurity {+Blink
                  | rF++ rC- Str+4 Int+10 Stlth-}
 21223 | Volcano  | Noticed an orb of fire
 21679 | Orc:2    | Found Ozemnuda's Distillery.
 21745 | Orc:2    | Noticed Donald
 21769 | Orc:2    | Killed Donald
 22210 | Orc:1    | XOM: swap monsters
 22226 | Orc:1    | XOM: silly message
 22232 | Orc:2    | XOM: enchant monster (bad)
 22571 | Orc:2    | XOM: blink monster(s)
 22697 | Orc:2    | XOM: polymorph orc warrior -> wolf
 22943 | Orc:2    | Found a staircase to the Elven Halls.
 23041 | Orc:2    | Noticed an orc warlord
 23052 | Orc:2    | XOM: blink monster(s)
 23057 | Orc:2    | Killed an orc warlord
 23058 | Orc:2    | Reached XP level 15. HP: 193/193 MP: 15/15
 23061 | Orc:2    | XOM: silly message
 23126 | Orc:2    | XOM: noise
 23135 | Orc:2    | Paralysed by an orc sorcerer for 7 turns
 23142 | Orc:2    | XOM: cast spell 'Summon Mana Viper'
 23267 | Orc:2    | Found Vattorha's Antique Armour Emporium.
 23268 | Orc:2    | Found Woumpu's Antique Weapon Shoppe.
 23439 | Orc:2    | Found Zaun's Distillery.
 23448 | Orc:2    | Bought a potion of heal wounds for 80 gold pieces
 23448 | Orc:2    | Bought a potion of heal wounds for 80 gold pieces
 23448 | Orc:2    | Bought a potion of haste for 160 gold pieces
 23448 | Orc:2    | Bought a potion of lignification for 48 gold pieces
 23448 | Orc:2    | Bought a potion of curing for 48 gold pieces
 23616 | Orc:2    | XOM: cloud trail
 23752 | Orc:2    | Found Lussimme's Magic Scroll Shoppe.
 23760 | Orc:2    | Bought a scroll of fog for 26 gold pieces
 23760 | Orc:2    | Bought a scroll of identify for 26 gold pieces
 23760 | Orc:2    | Bought a scroll of magic mapping for 45 gold pieces
 23760 | Orc:2    | Bought a scroll of fog for 26 gold pieces
 23760 | Orc:2    | Bought a scroll of fog for 26 gold pieces
 23760 | Orc:2    | Bought a scroll of fog for 26 gold pieces
 23760 | Orc:2    | Bought a scroll of enchant weapon for 97 gold pieces
 23760 | Orc:2    | Bought a scroll of fog for 26 gold pieces
 23760 | Orc:2    | Bought a scroll of identify for 26 gold pieces
 23835 | Orc:2    | Bought a potion of invisibility for 104 gold pieces
 23835 | Orc:2    | Bought a potion of invisibility for 104 gold pieces
 23835 | Orc:2    | Bought a potion of curing for 39 gold pieces
 23835 | Orc:2    | Bought a potion of flight for 39 gold pieces
 23835 | Orc:2    | Bought a potion of curing for 39 gold pieces
 24075 | D:12     | XOM: polymorph howler monkey -> giant cockroach
 24391 | D:13     | Noticed Josephine
 24411 | D:13     | Killed Josephine
 24455 | D:13     | Identified the +1 robe of Xepam {Rampage} (Xom gifted it to
                  | you on level 13 of the Dungeon)
 24455 | D:13     | XOM: god gift: +1 robe of Xepam {Rampage}
 24507 | D:13     | Noticed Snorg
 24518 | D:13     | Killed Snorg
 24792 | D:13     | XOM: cloud trail
 25157 | D:13     | Reached skill level 13 in Unarmed Combat
 25196 | D:13     | XOM: give mutations
 25196 | D:13     | Gained mutation: You are strong-willed. (Will+) [Xom's
                  | grace]
 25196 | D:13     | Gained mutation: You are partially covered in iridescent
                  | scales. (AC +2) [Xom's grace]
 25196 | D:13     | Gained mutation: You are highly strong-willed. (Will++)
                  | [Xom's grace]
 25513 | D:13     | XOM: god gift: ring mail {god gift}
 25555 | D:13     | XOM: enchant monster (good)
 26038 | D:13     | Identified a scroll of acquirement
 26038 | D:13     | Acquired the ring of the Final Nightingales {Will+ Dex+4
                  | SInv}
 26168 | D:14     | XOM: cast spell 'Cause Fear'
 26222 | D:13     | XOM: divination: detect items
 26263 | D:13     | XOM: cloud trail
 26376 | D:14     | Noticed Louise
 26401 | D:14     | Killed Louise
 26693 | D:14     | Found a frozen archway.
 26705 | D:14     | XOM is BORED!
 26732 | IceCv    | Entered an ice cave
 26912 | IceCv    | XOM: give mutations
 26912 | IceCv    | Gained mutation: Your muscles are very strong. (Str +4)
                  | [Xom's grace]
 26912 | IceCv    | Gained mutation: Your skin changes colour to match your
                  | surroundings (Stealth+). [Xom's grace]
 27036 | IceCv    | XOM: summons 5 friendly demons
 27296 | IceCv    | XOM: fog
 27364 | IceCv    | XOM: silly message
 27525 | IceCv    | XOM: chaos cloud
 27713 | IceCv    | XOM: stat loss: -1 Str (31/32)
 27744 | IceCv    | Noticed a white draconian knight
 27754 | IceCv    | XOM: swap monsters
 27795 | IceCv    | XOM: cleaving
 27960 | IceCv    | Found the +0 staff of Battle
 27985 | IceCv    | XOM: confuse monster(s)
 28120 | IceCv    | XOM: 3-stop teleportation journey
 28164 | IceCv    | Identified the ring "Cifaorom" {+Blink rN+ AC+4}
 28171 | IceCv    | Reached skill level 14 in Unarmed Combat
 28280 | IceCv    | XOM: cast spell 'Monstrous Menagerie'
 28285 | IceCv    | Reached XP level 16. HP: 150/204 MP: 16/16
 28327 | IceCv    | XOM: summons friendly white imp
 28668 | IceCv    | XOM: divination: magic mapping
 29018 | D:14     | XOM: polymorph quasit -> white imp
 29158 | D:14     | XOM: 7-stop teleportation journey
 29455 | D:14     | Found a gate to the Vaults.
 29675 | D:15     | Entered Level 15 of the Dungeon
 29783 | D:14     | XOM: divination: detect creatures
 29918 | D:15     | Noticed Agnes
 29923 | D:15     | Killed Agnes
 29955 | D:15     | Found a staircase to the Depths.
 30909 | Shoals:1 | Entered Level 1 of the Shoals
 30926 | Shoals:1 | Reached skill level 10 in Shields
 30958 | Shoals:1 | Noticed a kraken
 31107 | Spider:1 | Entered Level 1 of the Spider Nest
 31221 | Spider:1 | XOM: enchant monster (bad)
 31235 | Spider:1 | XOM: swap monsters
 31243 | Spider:1 | XOM: enchant monster (bad)
 31258 | Spider:1 | XOM: noise
 31283 | Spider:1 | XOM: blink monster(s)
 31284 | Spider:1 | XOM: 1-stop teleportation journey
 31313 | Spider:1 | Reached skill level 5 in Evocations
 31456 | Spider:1 | Noticed Aizul
 31461 | Spider:1 | XOM: smoke on damage
 31462 | Spider:1 | XOM: silly message
 31465 | Spider:1 | HP: 6/204 [Aizul/poison arrow (19)]
 31479 | Spider:1 | XOM: 2-stop teleportation journey
 31636 | Spider:1 | XOM: summons 9 hostile demons
 31642 | Spider:1 | XOM: 2-stop teleportation journey
 31689 | Spider:1 | XOM: 2-stop teleportation journey
 31777 | Spider:1 | XOM: swap monsters
 32345 | Shoals:1 | XOM: polymorph merfolk -> torpor snail
 32489 | Shoals:1 | XOM: give mutations
 32489 | Shoals:1 | Gained mutation: You are partially covered in large bone
                  | plates. (SH +4) [Xom's grace]
 32489 | Shoals:1 | Gained mutation: You have a pair of small antennae on your
                  | head. [Xom's grace]
 32489 | Shoals:1 | Gained mutation: You passively dampen the noise of your
                  | surroundings. [Xom's grace]
 32489 | Shoals:1 | Gained mutation: You are mostly covered in iridescent
                  | scales. (AC +4) [Xom's grace]
 32601 | Shoals:1 | XOM: god gift: embroidered cloak {god gift}
 32669 | Shoals:1 | XOM: summons friendly quasit
 32700 | Shoals:1 | XOM: divine lightning
 32703 | Shoals:1 | XOM: divination: magic mapping
 32726 | Shoals:1 | XOM: scenery: summon butterflies
 32938 | Shoals:1 | XOM: give mutations
 32938 | Shoals:1 | Gained mutation: You are completely covered in iridescent
                  | scales. (AC +6) [Xom's grace]
 32938 | Shoals:1 | Gained mutation: Your spells are a little harder to cast,
                  | but a little more powerful. [Xom's grace]
 32964 | Shoals:2 | XOM: destruction
 33168 | Shoals:2 | XOM: cloud trail
 33191 | Shoals:2 | XOM: cleaving
 33221 | Shoals:2 | XOM: polymorph merfolk siren -> cyclops
 33513 | Shoals:2 | XOM: scenery: create altars
 33538 | Shoals:4 | Entered Level 4 of the Shoals
 33570 | Shoals:3 | Reached XP level 17. HP: 198/213 MP: 17/17
 33606 | Shoals:3 | XOM: cleaving
 33607 | Shoals:3 | XOM: summons 13 friendly demons
 33609 | Shoals:3 | XOM: scenery: summon butterflies
 33641 | Shoals:3 | XOM: destruction
 33686 | Shoals:3 | XOM: divination: magic mapping
 33753 | Shoals:3 | XOM: scenery: create altars
 33899 | Shoals:3 | Found Huodusas's Armour Emporium.
 34168 | Shoals:3 | XOM: scenery: 1 doors open, 1 doors close
 34251 | Shoals:3 | Found Ukeuts's Antique Armour Shop.
 34251 | Shoals:3 | XOM: 8-stop teleportation journey
 34294 | Shoals:3 | Found Koeblid's Armour Shop.
 34333 | Shoals:3 | Found a runed translucent door.
 34333 | Shoals:3 | Noticed Heh's ghost (adept DsGl)
 34495 | Shoals:3 | XOM: cleaving
 34828 | Shoals:3 | Found Xerybed's Jewellery Emporium.
 34853 | Shoals:3 | Bought a +4 ring of protection for 504 gold pieces
 34915 | Shoals:3 | XOM: god gift: 4 large rocks
 34935 | Shoals:3 | XOM: enchant monster (good)
 34936 | Shoals:3 | XOM: enchant monster (good)
 34937 | Shoals:3 | XOM: god gift: 4 large rocks
 34946 | Shoals:3 | XOM: summons friendly ice devil
 34953 | Shoals:3 | Killed Heh's ghost
 34960 | Shoals:3 | XOM: cloud trail
 35732 | Orc:2    | XOM: give mutations
 35732 | Orc:2    | Lost mutation: You possess an exceptional clarity of mind.
                  | [Xom's mischief]
 35732 | Orc:2    | Lost mutation: You are completely covered in iridescent
                  | scales. (AC +6) [Xom's mischief]
 35732 | Orc:2    | Lost mutation: You are mostly covered in iridescent scales.
                  | (AC +4) [Xom's mischief]
 35744 | Elf:1    | Entered Level 1 of the Elven Halls
 35823 | Elf:1    | Got the Guide on Companions
 36083 | Elf:1    | XOM: summons 1 hostile shadow creature
 36142 | Elf:1    | XOM: potion effect (invisibility)
 36214 | Elf:1    | Noticed a quicksilver dragon
 36216 | Elf:1    | a quicksilver dragon changed into an eleionoma
 36221 | Elf:1    | Identified the ring "Buogoruz" {rElec Will- rCorr Str+6}
 36237 | Elf:1    | Noticed a quicksilver dragon
 36237 | Elf:1    | an iron troll changed into a quicksilver dragon
 36375 | Elf:1    | XOM: give mutations
 36375 | Elf:1    | Lost mutation: You are partially covered in iridescent
                  | scales. (AC +2) [Xom's mischief]
 36375 | Elf:1    | Lost mutation: Your mind is very acute. (Int +4) [Xom's
                  | mischief]
 36375 | Elf:1    | Lost mutation: You are agile. (Dex +2) [Xom's mischief]
 36375 | Elf:1    | Lost mutation: You have a pair of small antennae on your
                  | head. [Xom's mischief]
 36548 | Elf:1    | XOM: summons 3 hostile shadow creatures
 36597 | Elf:1    | Paralysed by an air elemental for 1 turns
 36705 | Elf:1    | Paralysed by an air elemental for 1 turns
 36707 | Elf:1    | XOM: summons 6 friendly demons
 36757 | Elf:1    | Identified Roxanne's Volume of Stones
 36757 | Elf:1    | Noticed Roxanne
 36771 | Elf:1    | XOM: noise
 36803 | Elf:1    | XOM: divination: magic mapping
 36886 | Elf:1    | XOM: 11-stop teleportation journey
 36891 | Elf:1    | XOM: god gift: 62 gold pieces
 37074 | Elf:1    | XOM: potion effect (curing)
 37082 | Elf:1    | XOM: potion effect (heal wounds)
 37085 | Elf:1    | Noticed Nikola
 37088 | Elf:1    | XOM: potion effect (invisibility)
 37132 | Elf:1    | Killed Nikola
 37163 | Elf:1    | XOM: silly message
 37229 | Elf:1    | Got The Lost Secrets of the Arcane Arts
 37282 | Elf:1    | XOM: divination: detect items
 37455 | Elf:1    | XOM: divination: magic mapping
 37473 | Elf:1    | Reached skill level 5 in Armour
 37808 | Orc:2    | Bought a potion of flight for 48 gold pieces
 37808 | Orc:2    | Bought a potion of flight for 48 gold pieces
 38007 | D:11     | XOM: silly message
 38025 | D:10     | XOM: divination: detect creatures
 38116 | Spider:1 | Killed Aizul
 38374 | Spider:1 | Identified the +0 chain mail "Onoysenn" {*Corrode rF+ rN+}
 38419 | Spider:1 | XOM: silly message
 38422 | Spider:1 | XOM: confuse monster(s)
 38568 | Spider:1 | XOM: summons friendly iron imp
 38970 | Spider:1 | Reached XP level 18. HP: 224/224 MP: 18/18
 38980 | Spider:1 | XOM: potion effect (haste)
 39060 | Spider:1 | XOM: silly message
 39165 | Spider:1 | XOM: give mutations
 39165 | Spider:1 | Gained mutation: Armour fits poorly on your strangely
                  | shaped body. [Xom's mischief]
 39165 | Spider:1 | Lost mutation: Your muscles are very strong. (Str +4)
                  | [Xom's mischief]
 39165 | Spider:1 | Lost mutation: You passively dampen the noise of your
                  | surroundings. [Xom's mischief]
 39388 | Spider:2 | XOM: enchant monster (good)
 40171 | Spider:2 | XOM: give mutations
 40171 | Spider:2 | Lost mutation: Your spells are a little harder to cast, but
                  | a little more powerful. [Xom's mischief]
 40171 | Spider:2 | Lost mutation: Your muscles are strong. (Str +2) [Xom's
                  | mischief]
 40329 | Spider:2 | XOM: noise
 40644 | Spider:2 | XOM: summons 4 hostile shadow creatures
 41295 | Spider:2 | XOM: divine lightning
 41787 | Spider:3 | XOM: smoke on damage
 41799 | Spider:3 | XOM: polymorph jumping spider -> mana viper
 41824 | Spider:3 | XOM: fake destruction
 41868 | Spider:3 | XOM: god gift: wand of polymorph (10)
 42078 | Spider:3 | Found a runed translucent door.
 42083 | Spider:3 | XOM: cloud trail
 42258 | Spider:4 | Entered Level 4 of the Spider Nest
 42289 | Spider:3 | XOM: smoke on damage
 42297 | Spider:3 | HP: 11/224 [redback (12)]
 42997 | Spider:4 | XOM: confuse monster(s)
 43006 | Spider:4 | Reached skill level 10 in Armour
 43109 | Spider:4 | XOM: 1-stop teleportation journey
 43131 | Spider:4 | XOM: noise
 43205 | Spider:4 | XOM: fog
 43391 | Spider:4 | XOM: blink monster(s)
 43413 | Spider:4 | XOM: enchant monster (bad)
 43635 | Spider:4 | XOM: polymorph redback -> elephant
 43660 | Spider:4 | XOM: polymorph elephant -> anaconda
 43672 | Spider:4 | XOM: polymorph anaconda -> ettin
 43685 | Spider:4 | XOM: 5-stop teleportation journey
 43880 | Spider:4 | XOM: divination: detect items
 44660 | Spider:4 | XOM: summons 2 friendly demons
 44696 | Spider:4 | XOM: cast spell 'Alistair's Intoxication'
 44712 | Spider:4 | XOM: summons 3 hostile shadow creatures
 44733 | Spider:4 | HP: 13/336 [demonic crawler[Xom] (8)]
 44734 | Spider:4 | HP: 5/336 [wolf spider[Xom] (5)]
 44737 | Spider:4 | Slain by a redback

Illustrated notes

Levels and vault maps discovered:
D:1:      doesnt_arrival_eight_statues, layout_basic
D:2:      layout_basic, ebering_ecumenical_altar_box, grunt_decor_resistance,
          hangedman_abyss_or_decor_lesser_grid, corexii_shack,
          uniq_crazy_yiuf_cottage, uniq_natasha, uniq_jessica, uniq_terence
D:3:      layout_basic, mainiacjoe_overflow_six_doors_small
D:4:      minmay_general_purpose_star, layout_basic, serial_rivers,
          chequers_serial_rivers_micro_e, chequers_serial_rivers_room_a,
          chequers_serial_rivers_micro_c, chequers_serial_rivers_room_b,
          chequers_serial_rivers_marsh
D:5:      layout_loops_cross
D:6:      layout_basic, grunt_temple_overflow_open, jmf_multi_god_temple,
          grunt_ministairs_13, uniq_grinder
D:7:      layout_basic, minmay_temple_entry_ruins, uniq_maggie, uniq_pikel
D:8:      layout_loops_ring
D:9:      layout_loops_ring
D:10:     layout_stronghold, bloody_makhleb, david_lair_generic
D:11:     layout_basic, orc_0_dummy, gauntlet_entry_generic, glass_columns_a,
          zin_purify
D:12:     layout_big_octagon
D:13:     minmay_blocking_statues, layout_basic, uniq_josephine, uniq_snorg
D:14:     kennysheep_demon_hangout, layout_long_grid, david_vaults_5,
          amethyst_killhole, portal_ice_cave_entry_ice_statue_two,
          minmay_misc_feat_doors, uniq_louise
D:15:     grunt_enter_depths_snipers, layout_basic,
          chequers_serial_rivers_small_b, worms_lemuel, uniq_agnes
Lair:1:   layout_regular_city, serial_bayou_shore_a
Lair:2:   layout_cave_pods, chequers_serial_rivers_room_b, serial_bayou_crossing
Lair:3:   gammafunk_boulding_lane, layout_cellular_growth,
          nicolae_spider_entry_orb_guardian
Lair:4:   layout_cave_pods, minmay_shoals_entry_hut
Lair:5:   layout_regular_city, slime_altar_1, kennysheep_basilisk_garden,
          grunt_megastairs_5
Lair:6:   evil_forest, layout_regular_city, minivault_19, fungi_pond_lemuel,
          lemuel_fruit_tree, uniq_sonja, uniq_rupert
Shoals:1: layout_shoals, nicolae_shoals_water_shrine
Shoals:2: layout_shoals
Shoals:3: layout_shoals, gammafunk_ghost_grave, serial_shops, shop,
          nicolae_shop_stone, nicolae_shop_behind_doors, shop,
          nicolae_shoals_this_corrosion
Shoals:4: shoals_end_grunt_ice, layout_shoals, shoal_ilsuiw, uniq_polyphemus
Spider:1: spiders_nest_scorpion_pit, hangedman_spider_tarantella_strand,
          uniq_aizul
Spider:2: layout_chambers
Spider:3: cheibrodos_spider_deadly_dance
Spider:4: spider_rune_water
Orc:1:    layout_caves, ebering_ghost_xom, nooodl_orcs_dogs
Orc:2:    grunt_orc_community_town_hall, layout_diamond_mine,
          grunt_orc_community_big_house_2, grunt_orc_community_big_house_1,
          grunt_orc_community_house_3, grunt_orc_community_house_2,
          grunt_orc_community_house_1, grunt_orc_community_house_3,
          grunt_orc_community_house_3, grunt_orc_community_house_3,
          serial_shops, shop, enter_volcano_4, nicolae_orc_bridge_out,
          uniq_donald
Elf:1:    minmay_the_grid_square_5x5_4x4_mashed
          [minmay_the_grid_square_5x5_lines, minmay_the_grid_square_5x5_detours,
          minmay_the_grid_square_5x5_half_checkered,
          minmay_the_grid_square_5x5_sharp_hourglass,
          minmay_the_grid_square_5x5_dogpile,
          minmay_the_grid_square_5x5_prize_open,
          minmay_the_grid_square_5x5_prize_open,
          minmay_the_grid_square_5x5_forky,
          minmay_the_grid_square_5x5_almost_minimal,
          minmay_the_grid_square_5x5_prize_deathbox,
          minmay_the_grid_square_5x5_prize_gold,
          minmay_the_grid_square_5x5_checkered_sparse,
          minmay_the_grid_square_5x5_hourglass, minmay_the_grid_square_5x5_c,
          minmay_the_grid_square_5x5_slash, minmay_the_grid_square_5x5_two],
          layout_gridlike, minmay_elf_demonology, elves_outpost_lemuel,
          uniq_nikola, uniq_roxanne

Skill      XL: |  1  2  3  4  5  6  7  8  9 10 11 12 13 14 15 16 17 18 |
---------------+-------------------------------------------------------+-----
Unarmed Combat | 4 5 6 8 9 11 12 14 | 14.4
Fighting       | 3 4 5 7 8 9 11 13 | 13.4
Shields        | 1 4 5 7 8 10 12 | 12.6
Throwing       | 2 3 6 8 9 10 11 13 | 13.9
Armour         | 3 4 6 11 | 11.0
Evocations     | 2 3 4 8 9 |  9.2
Dodging        | 4 |  4.4
Slings         | |  0.5

Action                   |  1- 3 |  4- 6 |  7- 9 | 10-12 | 13-15 | 16-18 || total
-------------------------+-------+-------+-------+-------+-------+-------++-------
Melee: Unarmed           |    87 |   147 |   136 |   474 |   741 |   405 ||  1990
       Punch             |     2 |     2 |       |       |       |       ||     4
       Kick              |       |     7 |    34 |   147 |   259 |   209 ||   656
       Staff             |       |       |       |       |       |   120 ||   120
       War axe           |       |       |       |       |       |     2 ||     2
 Fire: Hunting sling     |       |    17 |   117 |       |       |       ||   134
Throw: Stone             |       |    85 |     9 |     2 |    11 |       ||   107
       Dart              |       |       |     2 |   135 |    85 |   256 ||   478
       Javelin           |       |       |    27 |    78 |    18 |    63 ||   186
       Boomerang         |       |       |    16 |    28 |   195 |   427 ||   666
       Large rock        |       |       |       |    10 |   236 |   487 ||   733
       Throwing net      |       |       |       |       |       |     4 ||     4
 Abil: Evoke Blink       |       |       |       |       |       |     2 ||     2
Evoke: Wand              |       |       |     6 |    15 |    19 |    27 ||    67
       Lightning rod     |       |       |       |     3 |    16 |    23 ||    42
       Tin of tremorston |       |       |       |       |     8 |    11 ||    19
       Box of beasts     |       |       |       |       |     1 |     6 ||     7
       Phial of floods   |       |       |       |       |       |     3 ||     3
  Use: Scroll            |       |     6 |     9 |     9 |    10 |    24 ||    58
       Potion            |       |       |     3 |     1 |     8 |    32 ||    44
 Stab: Sleeping          |     2 |       |       |       |       |     2 ||     4
       Invisible         |       |       |     1 |       |       |     3 ||     4
       Petrifying        |       |       |       |     1 |       |     1 ||     2
       Petrified         |       |       |       |     1 |       |     1 ||     2
       Distracted        |       |       |       |       |       |     1 ||     1
Armor: Robe              |    34 |    45 |    28 |       |       |       ||   107
       Acid dragon scale |       |       |    22 |   143 |   217 |   216 ||   598
       Skin              |       |       |       |       |     3 |    12 ||    15
       Fire dragon scale |       |       |       |       |       |   370 ||   370
Dodge: Dodged            |    34 |    50 |    84 |   209 |   414 |   531 ||  1322
Block: Kite shield       |       |     7 |    98 |   316 |   541 |       ||   962
       Reflection        |       |       |       |       |    25 |    97 ||   122
       Tower shield      |       |       |       |       |    27 |  1736 ||  1763
